Map: [ESL] Data-C

Players

Spirit - Winner!

  • Race: Terran Terran
  • Spawn Location: 9:00

YoungYakov

  • Race: Zerg Zerg
  • Spawn Location: 3:00

Event: DreamHack SC2 Masters 2022 Atlanta (Online)

VOD

Have the link to the VOD?

Description

Time

  • Played on: Oct. 2, 2022, 1:23 p.m.
  • Length: 12:26

All games in this series

Show
View Real Time Build Order
Export as new Build Order

Spirit Terran - Winner!

Build Orders: Gas First Reaper Expand, Hellion Banshee 

Get SALT Encoding   

  12  0:00  SCV  
  13  0:12  SCV  
  14  0:17  Supply Depot  
  14  0:24  SCV  
  15  0:29  Refinery  
  15  0:38  SCV  
  16  0:44  Barracks  
  16  0:52  SCV  
  17  1:04  SCV  
  18  1:16  SCV  
  19  1:31  Reaper  
  19  1:32  Orbital Command  
  20  1:43  Command Center  
  20  1:54  Factory  
  20  1:59  SCV  
  21  2:06  Barracks Reactor  
  21  2:11  SCV  
  22  2:17  Supply Depot  
  21  2:23  SCV  
  21  2:24  Refinery  
  22  2:35  SCV  
  23  2:43  Starport  
  23  2:47  Hellion x2  
  23  2:49  SCV  
  28  2:55  Orbital Command  
  28  2:59  Barracks Tech Lab  
  28  3:03  SCV  
  29  3:06  Orbital Command  
  29  3:09  Hellion  
  31  3:14  Hellion  
  33  3:23  SCV  
  34  3:27  Cloaking Field  
  34  3:30  Banshee  
  34  3:33  SCV  
  38  3:35  SCV  
  39  3:42  Supply Depot  
  39  3:44  Barracks Tech Lab  
  39  3:45  SCV  
  39  3:47  SCV  
  40  3:50  Hellion  
  40  3:53  Hellion  
  44  3:57  SCV  
  44  3:59  SCV  
  44  4:01  Supply Depot  
  46  4:08  Stimpack  
  46  4:09  SCV  
  47  4:10  Marine  
  47  4:11  SCV  
  47  4:16  Banshee  
  52  4:21  SCV  
  52  4:23  SCV  
  52  4:24  Hellion  
  56  4:25  Hellion  
  58  4:33  SCV  
  58  4:35  Supply Depot, SCV  
  60  4:45  SCV  
  60  4:47  SCV  
  60  4:51  Command Center  
  58  4:58  SCV  
  58  4:59  Hellion x2  
  61  5:02  SCV  
  56  5:10  SCV  
  57  5:14  SCV  
  57  5:18  Starport Reactor  
  57  5:20  Hellion x2  
  57  5:21  Barracks  
  62  5:22  SCV, Barracks  
  62  5:26  SCV  
  64  5:34  SCV  
  65  5:38  SCV  
  65  5:40  Engineering Bay  
  65  5:41  Refinery x2  
  65  5:42  Engineering Bay, Hellion x2  
  70  5:50  Supply Depot, Combat Shield  
  70  5:51  Supply Depot  
  70  6:02  Marine  
  70  6:03  SCV x2  
  70  6:04  Barracks, Starport Reactor  
  73  6:05  Barracks  
  73  6:07  Orbital Command  
  73  6:08  Terran Infantry Weapons Level 1  
  73  6:13  Terran Infantry Armor Level 1  
  73  6:15  SCV x2  
  75  6:23  Siege Tank, Marine  
  79  6:27  SCV x2  
  79  6:28  Marine  
  79  6:29  Supply Depot, Marine x3  
  85  6:37  Orbital Command  
  85  6:39  SCV  
  84  6:41  Marine  
  84  6:45  Medivac x2  
  84  6:46  Marine x4  
  93  6:48  Supply Depot  
  93  6:49  Supply Depot  
  93  6:50  SCV  
  93  6:51  SCV  
  97  6:55  Barracks Reactor x2  
  97  6:58  Armory  
  97  7:00  Missile Turret  
  95  7:02  SCV  
  95  7:03  SCV  
  95  7:04  SCV  
  95  7:08  Supply Depot  
  98  7:09  Marine  
  98  7:10  Marine  
  98  7:12  Marine  
  98  7:13  Marine  
  98  7:14  SCV, Marine  
  102  7:16  SCV x2  
  102  7:20  Siege Tank  
  107  7:26  SCV  
  107  7:28  Supply Depot  
  107  7:29  Bunker  
  108  7:30  Supply Depot, Marine x3  
  108  7:31  SCV  
  108  7:32  Marine  
  113  7:37  Medivac  
  113  7:40  Medivac  
  117  7:44  Marine  
  117  7:47  Marine x5  
  117  7:48  Marine  
  124  7:52  Siege Tank  
  124  7:53  Marine  
  120  8:01  Marine  
  120  8:03  Marine  
  120  8:05  Marine x6  
  112  8:06  SCV x2  
  112  8:08  SCV  
  112  8:11  Marine  
  119  8:18  SCV  
  119  8:19  Marine  
  121  8:20  Marine  
  121  8:23  Marine x5  
  121  8:24  Siege Tank  
  118  8:35  Command Center  
  118  8:36  Terran Infantry Weapons Level 2  
  118  8:40  Marine x4  
  118  8:41  Marine x5  
  123  8:44  Terran Infantry Armor Level 2  
  127  8:49  Supply Depot  
  127  8:50  Supply Depot  
  127  8:53  Refinery  
  127  8:58  Marine x5  
  127  8:59  Siege Tank, Marine x2  
  127  9:00  Marine  
  127  9:01  Marine  
  136  9:16  Marine x2  
  135  9:19  Marine  
  135  9:20  Marine x6  
  135  9:24  Medivac x2  
  127  9:26  SCV x2  
  127  9:28  Supply Depot  
  127  9:30  SCV  
  132  9:31  Siege Tank  
  132  9:33  Marine  
  132  9:34  Terran Vehicle Weapons Level 1, Marine  
  132  9:38  SCV x2, Marine x6  
  140  9:42  SCV, Marine  
  147  9:50  SCV  
  147  9:51  Marine  
  147  9:53  SCV  
  147  9:55  Medivac x2  
  147  9:57  Factory, Marine x4  
  156  10:05  SCV  
  157  10:13  Marine x2  
  157  10:14  Marine x3  
  142  10:15  Marine x4  
  142  10:17  Planetary Fortress  
  146  10:25  SCV x2  
  146  10:27  Siege Tank  
  151  10:30  Marine  
  151  10:31  Marine x2  
  133  10:37  Marine x6  
  133  10:41  Medivac x2  
  134  10:43  SCV  
  134  10:46  Factory Tech Lab  
  134  10:48  Marine  
  134  10:49  Marine x2  
  138  10:55  Command Center  
  138  10:56  Refinery, Sensor Tower, SCV  
  139  10:59  Siege Tank, Marine  
  139  11:01  Marine x2  
  145  11:05  Refinery  
  145  11:13  Barracks x2, Marine x4  
  145  11:14  Barracks  
  145  11:16  Siege Tank  
  149  11:20  Marine x2  
  149  11:21  Marine  
  152  11:28  Marine  
  152  11:29  Marine  
  152  11:31  Siege Tank, Marine x4  
  161  11:38  Marine x2  
  161  11:39  Marine  
  162  11:46  Marine x2  
  155  11:48  Siege Tank  
  155  11:49  Marine x4  
  153  11:56  Marine x2  
  153  11:57  Marine  
  153  12:00  SCV  
  145  12:01  SCV  
  145  12:04  Marine x2  
  145  12:07  Marine x4  
  145  12:08  SCV  
  155  12:14  SCV x2  
  166  12:24  Bunker  
Show
View Real Time Build Order
Export as new Build Order

YoungYakov Zerg 

Build Orders: Pool First 

Get SALT Encoding   

  12  0:00  Drone  
  13  0:12  Overlord  
  13  0:18  Drone  
  14  0:30  Drone x2  
  16  0:39  Drone, Extractor  
  16  0:46  Spawning Pool  
  16  0:49  Drone  
  16  0:55  Drone  
  17  1:16  Hatchery  
  16  1:20  Drone  
  17  1:33  Queen  
  17  1:36  Zergling x2  
  21  1:40  Zergling x2  
  21  1:46  Metabolic Boost  
  21  1:53  Overlord  
  21  1:59  Drone  
  22  2:13  Queen  
  22  2:14  Zergling x4  
  26  2:23  Zergling x2  
  26  2:28  Queen  
  29  2:31  Zergling x2  
  29  2:34  Drone  
  31  2:40  Overlord  
  31  2:43  Drone  
  32  2:46  Drone  
  32  2:50  Drone  
  34  2:53  Drone  
  34  2:55  Drone  
  35  3:06  Drone x2  
  35  3:11  Drone x2  
  40  3:20  Drone  
  40  3:25  Hatchery  
  40  3:27  Drone  
  40  3:31  Drone  
  41  3:36  Overlord  
  41  3:37  Drone  
  41  3:39  Drone  
  43  3:42  Drone  
  43  3:47  Overlord  
  44  3:54  Drone x4  
  48  3:58  Baneling Nest, Drone  
  48  3:59  Drone  
  49  4:04  Queen  
  51  4:13  Drone x4  
  51  4:16  Queen  
  57  4:22  Overlord  
  57  4:24  Drone  
  57  4:25  Drone  
  57  4:26  Drone  
  60  4:31  Overlord  
  60  4:37  Zergling x4  
  60  4:38  Zergling x6  
  60  4:53  Evolution Chamber  
  60  4:57  Drone x3  
  60  4:58  Queen  
  62  5:01  Drone x3  
  62  5:04  Spore Crawler x2  
  62  5:05  Lair  
  60  5:09  Spore Crawler  
  60  5:12  Drone x4  
  60  5:15  Overlord  
  60  5:19  Drone  
  60  5:25  Drone x2  
  59  5:30  Drone x3  
  59  5:38  Drone x2  
  59  5:39  Drone x2  
  63  5:44  Drone x2  
  63  5:45  Drone  
  63  5:48  Drone x2  
  63  5:49  Drone  
  69  5:54  Extractor x2  
  69  5:56  Drone  
  69  5:57  Drone  
  69  5:58  Drone x3  
  69  6:01  Drone  
  69  6:03  Centrifugal Hooks  
  73  6:08  Drone  
  73  6:09  Drone x2, Extractor  
  73  6:10  Drone  
  76  6:13  Drone x2  
  76  6:14  Drone  
  79  6:22  Hatchery  
  79  6:25  Queen  
  80  6:26  Overseer  
  80  6:30  Zergling x4  
  81  6:38  Drone x5  
  81  6:44  Overlord  
  81  6:45  Overlord  
  81  6:47  Evolution Chamber  
  81  6:49  Evolution Chamber  
  79  6:55  Overlord  
  79  7:00  Baneling x7  
  80  7:01  Zergling x4  
  80  7:02  Overlord x2  
  80  7:04  Zergling x6  
  80  7:05  Zergling x2  
  80  7:07  Zergling x2  
  80  7:08  Zergling x2  
  87  7:09  Overlord  
  87  7:14  Zergling x12  
  93  7:18  Zerg Ground Armor Level 1  
  93  7:22  Zerg Melee Weapons Level 1  
  93  7:23  Drone  
  93  7:24  Drone x2  
  96  7:30  Zergling x12  
  96  7:36  Zergling x2  
  96  7:37  Zergling x8  
  107  7:45  Zergling x14  
  108  7:59  Zergling x4  
  108  8:00  Zergling x10  
  108  8:05  Baneling x2  
  94  8:06  Zergling x8, Baneling x6  
  94  8:07  Zergling x2  
  94  8:08  Baneling x5  
  94  8:09  Zergling x8  
  91  8:29  Queen, Drone x3, Hatchery  
  91  8:30  Hydralisk Den, Queen  
  91  8:33  Zergling x10  
  101  8:38  Baneling  
  101  8:39  Baneling x4  
  101  8:42  Drone x5  
  106  8:48  Pneumatized Carapace  
  106  8:50  Overlord  
  106  8:59  Zergling x14  
  106  9:02  Overseer  
  113  9:06  Burrow  
  104  9:12  Zergling x10  
  101  9:21  Zergling x10  
  101  9:23  Baneling x4  
  101  9:24  Baneling x4  
  97  9:25  Baneling x3  
  97  9:29  Zergling x6  
  100  9:35  Zergling x4  
  100  9:38  Muscular Augments  
  102  9:39  Zerg Melee Weapons Level 2, Zerg Ground Armor Level 2  
  102  9:40  Overlord x2  
  102  9:47  Overlord x2  
  102  9:49  Baneling x4  
  102  9:51  Overlord  
  103  10:00  Zergling x8  
  103  10:04  Zergling x8  
  110  10:07  Hatchery  
  110  10:08  Zergling x6  
  110  10:12  Zergling x8  
  102  10:16  Zergling x8  
  102  10:18  Baneling x5  
  102  10:21  Zergling x4  
  106  10:24  Zergling x2  
  106  10:35  Zergling x18  
  110  10:39  Drone x2  
  110  10:40  Queen  
  115  10:50  Zergling x2  
  115  10:51  Zergling x6  
  115  10:54  Queen  
  115  10:55  Drone x2  
  115  10:56  Baneling x6  
  117  10:58  Baneling x3  
  117  11:02  Grooved Spines, Hydralisk x5  
  127  11:05  Drone  
  127  11:06  Drone x2  
  130  11:14  Zergling x12  
  127  11:22  Zergling x14  
  134  11:25  Zergling x2  
  134  11:26  Zergling x6  
  134  11:31  Zergling x4  
  140  11:37  Zergling x12  
  113  11:50  Drone  
  113  11:51  Drone x5  
  115  11:56  Drone  
  115  11:57  Drone x3, Hatchery  
  105  12:01  Drone  
  105  12:03  Overlord  
  105  12:05  Drone x3  
  107  12:11  Baneling x6  
  107  12:12  Drone x3  
Tags
 
Add a new tag
Caveats
  • Supply blocks, unpowered buildings, or Contaminate may cause inaccurate times.
  • Supply counts are checked every 10 seconds.